 Dungeon Crawl Stone Soup version 0.24-a0-190-g063869c372 (webtiles) character file.

Game seed: 14338242092824431812

15920 EnegeticOcto the Arsonist (level 12, -3/121 HPs)
             Began as a Centaur Fire Elementalist on Mar 18, 2019.
             Was a High Priest of Vehumet.
             Slain by a black mamba (11 damage)
             ... on level 1 of the Lair of Beasts.
             The game lasted 00:31:34 (17326 turns).

EnegeticOcto the Arsonist (CeFE)                   Turns: 17326, Time: 00:31:35

Health: -3/121     AC: 10    Str: 16    XL:     12   Next: 5%
Magic:  25/28      EV: 10    Int: 18    God:    Vehumet [*****.]
Gold:   751        SH: 11    Dex: 11    Spells: 4/21 levels left

rFire    . . .     SeeInvis +   D - +5 trident (venom)
rCold    . . .     Gourm    .   E - +0 shield
rNeg     . . .     Faith    .   x - +2 robe
rPois    .         Spirit   .   K - +1 helmet {SInv}
rElec    .         Reflect  .   y - +0 cloak
rCorr    .         Harm     .   I - +0 pair of gloves
MR       .....                  (no barding)
Stlth    ..........             (no amulet)
HPRegen  0.30/turn              n - ring of magical power
MPRegen  0.21/turn              w - ring of see invisible

@: berserking, very quick
A: large, hooves 3, deformed body, speed 2, tough skin 3
a: Renounce Religion


You were on level 1 of the Lair of Beasts.
You worshipped Vehumet.
Vehumet was extremely pleased with you.
You were very hungry.

You visited 2 branches of the dungeon, and saw 12 of its levels.

You collected 803 gold pieces.
You spent 52 gold pieces at shops.

Inventory:

Hand Weapons
 D - a +5 trident of venom (weapon)
Missiles
 a - 4 throwing nets (quivered) {!f}
Armour
 x - a +2 robe (worn)
 y - a +0 cloak (worn)
 E - a +0 shield (worn)
 F - a scarf of resistance
 H - a scarf of cloud immunity
 I - a +0 pair of gloves (worn)
 K - a +1 helmet of see invisible (worn)
 M - the +6 scale mail of the Boiling Point {rF++ Dex+4}
   (You found it on level 9 of the Dungeon)

   It affects your dexterity (+4).
   It greatly protects you from fire.
Jewellery
 n - a ring of magical power (left hand)
 w - a ring of see invisible (right hand)
Wands
 s - a wand of disintegration (18)
 u - a wand of iceblast (19)
 v - a wand of flame (36)
 J - a wand of digging (7)
 L - a wand of acid (5)
Scrolls
 b - a scroll of fog {!r}
 g - 2 scrolls of enchant weapon
 h - a scroll of enchant armour
 i - 6 scrolls of remove curse {@r2}
 k - 2 scrolls of amnesia
 l - 4 scrolls of blinking {@r4}
 A - a scroll of magic mapping {@r5 !r}
 B - 5 scrolls of teleportation {unknown}
 G - 2 scrolls of immolation
Potions
 c - a potion of cancellation
 d - 2 potions of mutation
 f - 5 potions of curing {@q1}
 j - a potion of lignification {@q6}
 o - 2 potions of haste {@q4 !q}
 p - 2 potions of brilliance
 q - 4 potions of flight
 r - 5 potions of agility {@q5 !q}
 t - 2 potions of heal wounds {@q2}
 z - a potion of ambrosia
 C - a potion of magic
Comestibles
 e - 21 rations


   Skills:
 - Level 1.3 Dodging
 - Level 1.1 Stealth
 - Level 9.0 Shields
 - Level 5.3 Spellcasting
 + Level 9.6 Conjurations
 - Level 10.0 Fire Magic


You had 4 spell levels left.
You knew the following spells:

 Your Spells              Type           Power        Failure   Level  Hunger
a - Flame Tongue          Conj/Fire      #####        1%          1    None
b - Throw Flame           Conj/Fire      #####.       1%          2    #......
c - Fireball              Conj/Fire      #####.....   1%          5    ######.
d - Conjure Flame         Conj/Fire      #####...     1%          3    ##.....
e - Bolt of Fire          Conj/Fire      #####.....   10%         6    #######

Your spell library contained the following spells:

 Spells                   Type           Power        Failure   Level  Hunger
 Magic Dart               Conj           ####         1%          1    None
 Searing Ray              Conj           #####.       1%          2    #......
 Dazzling Spray           Conj/Hex       ###...       1%          3    ##.....
 Inner Flame              Hex/Fire       ###.....     1%          3    ##.....
 Iskenderun's Mystic Bla  Conj           #####...     1%          4    ####...
 Sticky Flame             Conj/Fire      #####...     1%          4    ####...
 Force Lance              Conj/Tloc      ###.....     5%          4    ####...
 Fulminant Prism          Conj/Hex       ###.......   5%          4    ####...
 Animate Skeleton         Necr           N/A          13%         1    None
 Pain                     Necr           #...         13%         1    None
 Regeneration             Chrm/Necr      #.........   36%         3    ##.....
 Vampiric Draining        Necr           #.........   36%         3    ##.....
 Animate Dead             Necr           N/A          78%         4    ####...


Dungeon Overview and Level Annotations

Branches:
Dungeon (10/15)            Temple (0/1) D:5            Lair (2/6) D:9
    Orc (0/2) D:9
  Swamp: Lair:2-4    Shoals: Lair:2-4     Snake: Lair:2-4    Spider: Lair:2-4

Altars:
Ashenzari
Elyvilon
Hepliaklqana
Makhleb
Okawaru
Qazlal
Ru
Sif Muna
Trog
Vehumet
Xom
Yredelemnul
Zin

Shops:
D:6 (   D:8 !


Innate Abilities, Weirdness & Mutations

You have hooves in place of feet.
Armour fits poorly on your strangely shaped body.
You cover ground very quickly.
You have extremely tough skin. (AC +3)


Message History

The black mamba is lightly wounded.
You block the black mamba's attack. The black mamba bites you.
* * * LOW HITPOINT WARNING * * *
You puncture the black mamba!
The black mamba is heavily wounded.
You block the black mamba's attack.
You closely miss the black mamba. Your kick misses the black mamba.
The black mamba is heavily wounded.
The black mamba bites you!
* * * LOW HITPOINT WARNING * * *
The black mamba bites you.
* * * LOW HITPOINT WARNING * * *
You barely miss the black mamba. Your kick misses the black mamba.
The black mamba is heavily wounded.
The black mamba bites you.
* * * LOW HITPOINT WARNING * * *
You closely miss the black mamba. You kick the black mamba!
The black mamba is almost dead.
The black mamba closely misses you. The black mamba bites you!
You die...

### ########## ..# #........#
..############### #>.......#
..'..#..........# #........##
..##.#..........# #.........#
..##............# #........P#
..#.##..........# #........##
...###..........#####........#
..## #.....)....@SY##.....)..#
...# #^.........##...........#
+### #..........#####........#
.# #..........# #........# .#
##+.#.###### ##.#P.#### .##
#.....# ###..# ..# ####.+####
##.## ..# #.......## ##...##
..#####........# #.....#


You could see a black mamba and a yak.

Vanquished Creatures
  3 hydras (Lair:1)
  2 two-headed ogres
  An unseen horror (D:10)
  4 spiny frogs
  A komodo dragon (Lair:1)
  A hornet (D:8)
  3 blink frogs (Lair:1)
  3 hippogriffs
  7 yaks
  Sigmund (D:2)
  Grum (D:10)
  3 basilisks
  2 soldier ants (D:8)
  A water moccasin (Lair:1)
  4 porcupines
  A black bear (D:8)
  3 ice beasts
  A phantom (D:9)
  6 orc warriors
  3 sky beasts
  3 necrophages
  6 ogres
  3 wolves
  4 centaurs
  4 crocodiles
  2 big kobolds
  7 bullfrogs
  3 gnoll sergeants (D:6)
  Blork the orc (D:5)
  6 scorpions
  3 killer bees (D:8)
  16 wights
  A howler monkey (D:10)
  2 bullfrog zombies
  2 crimson imps
  A quasit (D:9)
  7 hounds
  7 orc priests
  2 jellies
  5 gnoll shamans
  13 orc wizards
  4 iguanas
  7 worker ants
  A hound zombie (D:8)
  2 hound skeletons
  2 worker ant zombies
  27 gnolls
  11 adders
  3 shadow imps
  An ooze (D:5)
  3 adder zombies
  An adder skeleton (D:6)
  2 worms
  5 dart slugs
  8 leopard geckos
  37 orcs
  2 ball pythons
  4 giant cockroaches
  4 hobgoblins
  4 jackals (D:6)
  6 quokkas
  9 bats
  6 frilled lizards
  A giant cockroach zombie (D:6)
  10 goblins
  29 kobolds
  6 rats
344 creatures vanquished.

Vanquished Creatures (others)
  A bush (D:9)
  6 fungi
  2 plants
9 creatures vanquished.

Grand Total: 353 creatures vanquished

Notes
Turn   | Place    | Note
-------+----------+-------------------------------------------
     0 | D:1      | EnegeticOcto the Centaur Fire Elementalist began the quest
                  | for the Orb.
     0 | D:1      | Reached XP level 1. HP: 14/14 MP: 3/3
    18 | D:1      | Reached skill level 1 in Conjurations
   138 | D:1      | Reached skill level 3 in Fire Magic
   188 | D:1      | Reached XP level 2. HP: 20/20 MP: 0/4
   410 | D:1      | Learned a level 2 spell: Throw Flame
   719 | D:1      | Reached XP level 3. HP: 24/26 MP: 1/5
  1239 | D:2      | Found a shattered altar of Ashenzari.
  1273 | D:2      | Noticed Sigmund
  1505 | D:2      | Reached XP level 4. HP: 28/33 MP: 6/6
  1563 | D:2      | Killed Sigmund
  1563 | D:2      | Reached skill level 4 in Fire Magic
  1563 | D:2      | Reached XP level 5. HP: 38/38 MP: 4/8
  1693 | D:2      | Found a bloodstained altar of Trog.
  2330 | D:2      | Reached XP level 6. HP: 45/45 MP: 9/9
  2869 | D:3      | Found a basalt altar of Yredelemnul.
  3232 | D:3      | Found a burning altar of Makhleb.
  3232 | D:3      | Found a shimmering altar of Xom.
  4154 | D:4      | Reached skill level 5 in Fire Magic
  4154 | D:4      | Reached XP level 7. HP: 50/50 MP: 9/12
  4536 | D:5      | Entered Level 5 of the Dungeon
  4968 | D:5      | Noticed Blork the orc
  4987 | D:5      | Killed Blork the orc
  4992 | D:5      | Reached skill level 5 in Conjurations
  4992 | D:5      | Reached XP level 8. HP: 16/57 MP: 14/14
  5301 | D:5      | Found a radiant altar of Vehumet.
  5308 | D:5      | Became a worshipper of Vehumet
  5347 | D:5      | Found a sacrificial altar of Ru.
  5439 | D:5      | Found a staircase to the Ecumenical Temple.
  5450 | D:5      | Reached skill level 6 in Fire Magic
  6636 | D:6      | Reached * piety under Vehumet
  6636 | D:6      | Offered knowledge of Magic Dart by Vehumet.
  6644 | D:6      | Reached skill level 5 in Spellcasting
  6884 | D:6      | Found a glowing silver altar of Zin.
  7032 | D:6      | Reached skill level 7 in Fire Magic
  7417 | D:6      | Reached skill level 1 in Shields
  7417 | D:6      | Reached XP level 9. HP: 47/62 MP: 16/16
  7665 | D:6      | Found an iron altar of Okawaru.
  7782 | D:6      | Found Ruimp's Antique Weapon Shop.
  8221 | D:6      | Reached ** piety under Vehumet
  8221 | D:6      | Offered knowledge of Freeze by Vehumet.
  8501 | D:6      | Found a deep blue altar of Sif Muna.
  9162 | D:7      | Found a stormy altar of Qazlal.
  9185 | D:7      | Offered knowledge of Mephitic Cloud by Vehumet.
  9783 | D:7      | Reached *** piety under Vehumet
 10303 | D:8      | Found Ziceteh's Distillery.
 10314 | D:8      | Reached skill level 8 in Fire Magic
 10321 | D:8      | Learned a level 5 spell: Fireball
 10400 | D:8      | Bought a potion of brilliance for 52 gold pieces
 10649 | D:8      | Found a white marble altar of Elyvilon.
 10661 | D:8      | Learned a level 3 spell: Conjure Flame
 10673 | D:8      | Reached XP level 10. HP: 68/68 MP: 9/17
 10810 | D:8      | Found a hazy altar of Hepliaklqana.
 10843 | D:8      | Offered knowledge of Dazzling Spray by Vehumet.
 11014 | D:8      | Reached skill level 5 in Shields
 11369 | D:8      | Noticed a two-headed ogre
 11384 | D:8      | Killed a two-headed ogre
 12397 | D:9      | Reached skill level 9 in Fire Magic
 12657 | D:9      | Found a staircase to the Lair.
 12974 | D:9      | Reached **** piety under Vehumet
 12988 | D:9      | Offered knowledge of Force Lance by Vehumet.
 13089 | D:9      | Identified the +7 rapier of Magnificence {drain, rElec rC+
                  | Str+4 Int-2}
 13089 | D:9      | Noticed a cyclops
 13090 | D:9      | Identified the cursed +1 dire flail "Cecipaze" {vamp,
                  | *Noise rC+++ Str-4 SInv}
 13090 | D:9      | Noticed a skeletal warrior
 13090 | D:9      | Noticed a purple ugly thing
 13148 | D:9      | Reached XP level 11. HP: 73/73 MP: 18/18
 13149 | D:9      | Noticed a two-headed ogre
 13158 | D:9      | Killed a two-headed ogre
 13347 | D:9      | Got a pitted scale mail
 13358 | D:9      | Identified the +6 scale mail of the Boiling Point {rF++
                  | Dex+4} (You found it on level 9 of the Dungeon)
 13765 | D:9      | Found a staircase to the Orcish Mines.
 14196 | D:10     | Entered Level 10 of the Dungeon
 14467 | D:10     | Noticed Grum
 14478 | D:10     | Killed Grum
 14666 | D:10     | Noticed an unseen horror
 14682 | D:10     | Killed an unseen horror
 14865 | D:10     | Reached ***** piety under Vehumet
 15232 | Lair:1   | Entered Level 1 of the Lair of Beasts
 15349 | D:9      | Noticed a fire crab
 15349 | D:9      | a fire bat changed into a fire crab
 15351 | D:9      | a fire crab changed into a shapeshifter
 15621 | Lair:1   | Offered knowledge of Bolt of Fire by Vehumet.
 15629 | Lair:1   | Learned a level 6 spell: Bolt of Fire
 15665 | Lair:1   | Noticed a five-headed hydra
 15691 | Lair:1   | Killed a five-headed hydra
 15961 | Lair:1   | Noticed a five-headed hydra
 16004 | Lair:1   | Killed a five-headed hydra
 16004 | Lair:1   | Reached skill level 10 in Fire Magic
 16017 | Lair:1   | Noticed a seven-headed hydra
 16697 | Lair:1   | You fall through a shaft!
 16901 | Lair:1   | Killed a seven-headed hydra
 16994 | Lair:1   | Reached XP level 12. HP: 17/81 MP: 14/19
 17326 | Lair:1   | Slain by a black mamba

Levels and vault maps discovered:
D:1:      roderic_crossed_star, layout_loops_ring, minmay_tall_x
D:2:      minmay_thinvault, layout_rooms, evilmike_ruin_ashenzari, bloody_trog,
          hangedman_glass_teeth, uniq_sigmund
D:3:      layout_rooms, grunt_temple_overflow_champion_of_chaos,
          lemuel_doored_altar
D:4:      layout_loops_corners, first_ration
D:5:      layout_gridville, vehumet_crystals, temple_fountains, basic_altar,
          uniq_blork_the_orc
D:6:      layout_cave_pools, zin_statuary, lemuel_blue_sif_altar, serial_shops,
          kennysheep_mini_moat, serial_gnoll_camp, gnoll_camp_mini_loothouse,
          gnoll_camp_mini_house, gnoll_camp_mini_house, gnoll_camp_huts_basic,
          gnoll_camp_medium_01, st_stairs_7, okawaru_ov_weapons_minmay
D:7:      layout_loops_corners, old_standard_altar, minivault_23
D:8:      layout_loops_ring, kennysheep_mini, elyvilon_altar_1, serial_shops,
          shop, hangedman_pestilent_swarm
D:9:      kennysheep_blocky_room, layout_cross, minmay_lair_entry_grove,
          david_orc_4, grunt_ministairs_4, kennysheep_nub,
          minmay_misc_feat_nine_boxes, minivault_12
D:10:     layout_irregular_city, uniq_grum
Lair:1:   layout_roguey
Lair:2:   layout_cave_pods, uniq_erica, uniq_gastronok

Skill      XL: |  1  2  3  4  5  6  7  8  9 10 11 |
---------------+----------------------------------+-----
Conjurations   | 1 2 3 4 5 6 8 9 |  9.6
Fire Magic     | 3 4 5 7 8 9 10 | 10.0
Spellcasting   | 2 3 4 5 |  5.3
Shields        | 1 4 6 9 |  9.0
Dodging        | |  1.3
Stealth        | |  1.1

Action                   |  1- 3 |  4- 6 |  7- 9 | 10-12 || total
-------------------------+-------+-------+-------+-------++-------
Melee: Kick              |     5 |     1 |     5 |     6 ||    17
       Short sword       |    18 |     3 |     5 |       ||    26
       Unarmed           |     1 |       |       |       ||     1
       Trident           |       |       |    45 |    79 ||   124
 Cast: Flame Tongue      |    69 |    98 |   273 |   306 ||   746
       Throw Flame       |     1 |    33 |   144 |    62 ||   240
       Conjure Flame     |       |       |     2 |    39 ||    41
       Fireball          |       |       |     1 |    33 ||    34
Evoke: Wand              |       |       |     8 |     2 ||    10
  Use: Scroll            |       |     8 |    11 |     3 ||    22
       Potion            |       |       |       |     3 ||     3
  Eat: Chunk             |     3 |     9 |    14 |    17 ||    43
       Ration            |       |       |     2 |     4 ||     6
Armor: Robe              |    15 |    12 |    75 |    68 ||   170
Dodge: Dodged            |    21 |    12 |    77 |    61 ||   171
Block: Shield            |       |       |    52 |    92 ||   144

Table legend:
 A = Non-vault XP
 B = Vault XP
 C = Vault XP percentage of total XP
 D = Non-vault monster count
 E = Vault monster count
 F = Vault count percentage of total count
                 A         B        C        D         E       F
            +---------+---------+-------+---------+---------+-------
      Total |   16196 |    6547 |  28.8 |     247 |      97 |  28.2
            +---------+---------+-------+---------+---------+-------
        D:1 |      53 |       6 |  10.2 |      31 |       4 |  11.4
        D:2 |      65 |     263 |  80.2 |      11 |      12 |  52.2
        D:3 |     102 |       0 |   0.0 |      22 |       0 |   0.0
        D:4 |     358 |       0 |   0.0 |      12 |       0 |   0.0
        D:5 |     942 |      91 |   8.8 |      16 |       1 |   5.9
        D:6 |     829 |     966 |  53.8 |      29 |      35 |  54.7
        D:7 |    1156 |       0 |   0.0 |      34 |       0 |   0.0
        D:8 |    2688 |     854 |  24.1 |      29 |       5 |  14.7
        D:9 |    1644 |    3964 |  70.7 |      28 |      37 |  56.9
       D:10 |    1453 |     403 |  21.7 |      15 |       3 |  16.7
     Lair:1 |    6906 |       0 |   0.0 |      20 |       0 |   0.0
            +---------+---------+-------+---------+---------+-------
